 Dungeon Crawl Stone Soup version 0.26-a0-812-g31a745ddcd (webtiles) character file.

Game seed: 103841555836861550

153 Borgoz the Skirmisher (level 5, -2/46 HPs)
             Began as a Ghoul Monk on Dec 6, 2020.
             Slain by Sigmund
             ... wielding a +6 scythe of freezing
              (10 damage)
             ... on level 3 of the Dungeon.
             The game lasted 00:04:18 (3478 turns).

Borgoz the Skirmisher (Ghoul Monk)                  Turns: 3478, Time: 00:04:19

Health: -2/46      AC:  6    Str: 15    XL:     5   Next: 35%
Magic:  4/4        EV: 10    Int:  5    God:
Gold:   122        SH:  0    Dex: 12    Spells: 4/4 levels left

rFire    . . .     SeeInvis .     - Unarmed
rCold    + . .     Faith    .   (no shield)
rNeg     + + +     Spirit   .   c - +0 scale mail
rPois    ∞         Reflect  .   (no helmet)
rElec    .         Harm     .   (no cloak)
rCorr    .         Rampage  .   (no gloves)
MR       .....     Rnd*Tele +   (no boots)
Stlth    +.........             (no amulet)
HPRegen  0.00/turn              i - ring of teleportation (curse)
MPRegen  0.09/turn              (no ring)

@: flying, hasted, very quick
A: rotting body, claws 1, cold resistance 1, negative energy resistance 3,
inhibited regeneration, torment resistance, unbreathing
a: no special abilities


You were on level 3 of the Dungeon.
You visited 1 branch of the dungeon, and saw 3 of its levels.

You collected 122 gold pieces.

Inventory:

Armour
 c - a +0 scale mail (worn)
Jewellery
 i - a cursed ring of teleportation (left claw)
Wands
 j - a wand of flame (16)
Scrolls
 a - a scroll of enchant armour
 d - 4 scrolls of teleportation
 e - a scroll of enchant weapon
 k - a scroll of blinking


   Skills:
 * Level 4.3 Fighting
 * Level 2.0 Armour
 * Level 3.5 Dodging
 - Level 2.1 Stealth
 * Level 4.3 Unarmed Combat


You had 4 spell levels left.
You didn't know any spells.
Your spell library was empty.

Dungeon Overview and Level Annotations

Branches:
Dungeon (3/15)

Altars:
Elyvilon
Hepliaklqana
Ru

Annotations:
D:3 Sigmund


Innate Abilities, Weirdness & Mutations

Your body is rotting away.
You thrive by killing the living.
You are immune to poison.
You have sharp fingernails.
Your flesh is cold resistant. (rC+)
You are immune to negative energy. (rN+++)
You do not regenerate when monsters are visible.
You are immune to unholy pain and torment.
You can survive without breathing.


Message History

You scratch something. Your claw misses something. You scratch something.
Your claw misses something. You claw something! Something hits you.
Something freezes you.
You barely miss something. You scratch something. Something hits you!
Something freezes you.
You barely miss something. You closely miss something.
You barely miss something.
You hear some strange, mumbled words.
A puff of flame appears from out of thin air!
The puff of flame hits you.
* * * LOW HITPOINT WARNING * * *
You scratch something but do no damage. Something hits you.
* * * LOW HITPOINT WARNING * * *
Something freezes you.
* * * LOW HITPOINT WARNING * * *
You closely miss something. You scratch something.
You completely miss something. Something hits you!
You die...

..........#.#.....####
............#.#......... ..
............#.#......... ...
#....#######........... ....
...................... ##....##
####._......#######.#### ........
............## ... .
......###.###.........# ###.####
..........(....{@.....# # ......#
.............#.####.###.#.##.##.#
........... ..........#.#.#...#.#
........####.#.####.#......._....
...............##.....#.#.#...#.#
#..............##.#..## #.##.##.#
##.#....#....#.#.....## #.......#
##.#.####...##.#..#...#.####.####
##.#.# #....#.#..##.##..........


There were no monsters in sight!

Vanquished Creatures
  6 gnolls
  3 adders (D:2)
  A worm (D:2)
  3 dart slugs
  A leopard gecko (D:2)
  An orc (D:3)
  9 bats
  4 giant cockroaches
  5 goblins
  6 hobgoblins
  3 jackals (D:2)
  5 kobolds
  A ball python (D:1)
  5 frilled lizards
  4 rats
57 creatures vanquished.

Notes
Turn   | Place    | Note
-------+----------+-------------------------------------------
     0 | D:1      | Borgoz the Ghoul Monk began the quest for the Orb.
     0 | D:1      | Reached XP level 1. HP: 19/19 MP: 0/0
   321 | D:1      | Reached XP level 2. HP: 5/26 MP: 1/1
  1019 | D:1      | Reached XP level 3. HP: 30/31 MP: 2/2
  1076 | D:1      | Reached skill level 1 in Armour
  1486 | D:2      | Found a white marble altar of Elyvilon.
  1667 | D:2      | Reached XP level 4. HP: 33/40 MP: 3/3
  2534 | D:1      | Reached XP level 5. HP: 40/46 MP: 4/4
  3165 | D:3      | Found a sacrificial altar of Ru.
  3445 | D:3      | Found a hazy altar of Hepliaklqana.
  3450 | D:3      | Noticed Sigmund
  3478 | D:3      | Slain by Sigmund

Illustrated notes

Levels and vault maps discovered:
D:1:      lightli_arrival_flooded_house, layout_loops_ring
D:2:      layout_basic, elyvilon_altar_1
D:3:      layout_basic, overflow_temple_1_default,
          nicolae_ru_sacrificial_ziggurat, kennysheep_cross_room, uniq_sigmund

Skill      XL: |  1  2  3  4  5 |
---------------+----------------+-----
Dodging        | 3 |  3.5
Armour         | 1 2 |  2.0
Fighting       | 4 |  4.3
Unarmed Combat | 4 |  4.3
Stealth        | |  2.1

Action                   |  1- 3 |  4- 6 || total
-------------------------+-------+-------++-------
Melee: Unarmed           |   110 |   119 ||   229
       Punch             |       |     1 ||     1
Throw: Throwing net      |       |     1 ||     1
  Use: Scroll            |     6 |     2 ||     8
       Potion            |       |     4 ||     4
Armor: Robe              |     6 |       ||     6
       Scale mail        |    33 |    42 ||    75
Dodge: Dodged            |    66 |    79 ||   145

Table legend: (Time is in decaauts)
 A = Elapsed time spent in this place.
 B = Non-inter-level travel time spent in this place.
 C = Inter-level travel time spent in this place.
 D = Time resting spent in this place.
 E = Time spent auto-exploring this place.
 F = Levels seen in this place.
 G = Mean time per level.
                   A        B        C        D        E       F      G
               +--------+--------+--------+--------+--------+-----+--------+
         Total |   3460 |   3433 |     27 |   1490 |   1442 |   3 | 1153.3 |
       Dungeon |   3460 |   3433 |     27 |   1490 |   1442 |   3 | 1153.3 |
               +--------+--------+--------+--------+--------+-----+--------+

Top non-repeatable levels by time:
     D:1: 1888 daAuts
     D:2: 1215 daAuts
     D:3: 356 daAuts
